 Dungeon Crawl Stone Soup version 0.28-a0-1143-gcf6077d4cc (webtiles) character file.

Game seed: 6796406617273901439

16 leviel the Skirmisher (level 2, -1/27 HPs)
             Began as a Hill Orc Fighter on Dec 13, 2021.
             Slain by a jackal (2 damage)
             ... on level 1 of the Dungeon.
             The game lasted 00:01:04 (327 turns).

leviel the Skirmisher (Hill Orc Fighter)             Turns: 327, Time: 00:01:04

Health: -1/27      AC:  6    Str: 18    XL:     2   Next: 54%
Magic:  2/2        EV:  9    Int:  8    God:
Gold:   7          SH:  4    Dex: 10    Spells: 1/1 levels left

rFire   . . .      SeeInvis .   e - +2 dagger (speed)
rCold   . . .      Faith    .   c - +0 buckler
rNeg    . . .      Spirit   .   b - +0 scale mail
rPois   .          Reflect  .   (no helmet)
rElec   .          Harm     .   (no cloak)
rCorr   .          Rampage  .   (no gloves)
Will    .....                   (no boots)
Stlth   ..........              (no amulet)
HPRegen 0.09/turn               (no ring)
MPRegen 0.08/turn               (no ring)

@: no status effects
A: no striking features
a: no special abilities


You were on level 1 of the Dungeon.
You visited 1 branch of the dungeon, and saw 1 of its levels.

You collected 7 gold pieces.

Inventory:

Hand Weapons
 a - a +0 war axe
 e - a +2 dagger of speed (weapon)
Armour
 b - a +0 scale mail (worn)
 c - a +0 buckler (worn)
Scrolls
 f - a scroll of identify {unknown}
Potions
 d - a potion of might


   Skills:
 - Level 3.8 Fighting
 + Level 1.0 Short Blades
 - Level 3.1 Axes
 - Level 3.4 Armour
 - Level 3.4 Shields


You had one spell level left.
You didn't know any spells.
Your spell library was empty.

Dungeon Overview and Level Annotations

Branches:
Dungeon (1/15)

Altars:
Fedhas


Message History

The jackal closely misses you.
You hit the kobold but do no damage.
The kobold is moderately wounded.
The kobold barely misses you.
You closely miss the kobold.
The kobold is moderately wounded.
The jackal bites you.
* * * LOW HITPOINT WARNING * * *
You closely miss the kobold.
The kobold is moderately wounded.
The jackal bites you but does no damage.
The kobold hits you with a +0 short sword.
* * * LOW HITPOINT WARNING * * *
You hit the kobold but do no damage.
The kobold is moderately wounded.
The jackal closely misses you. The kobold barely misses you.
The jackal bites you but does no damage.
The bat closely misses you. The bat barely misses you.
The bat barely misses you. The jackal bites you.
* * * LOW HITPOINT WARNING * * *
The bat closely misses you.
You closely miss the jackal. The jackal bites you.
* * * LOW HITPOINT WARNING * * *
You hit the jackal.
The jackal is moderately wounded.
The jackal barely misses you.
You barely miss the jackal.
The jackal is moderately wounded.
You block the jackal's attack.
You barely miss the jackal.
The jackal is moderately wounded.
The jackal bites you but does no damage.
You hit the jackal but do no damage.
The jackal is moderately wounded.
The jackal barely misses you.
You barely miss the jackal.
The jackal is moderately wounded.
The jackal bites you.
You die...

##..$##..#........#
#[......#.####.##.######.
#.._..#.....†...#........
...?..:#..#####..#........
.##$..###.#####..#.#######
###. ........K..# ..
........bK#.# .##
..#######h#.# # ### #@#.#
#.#.# #.#.#
##############..[#
#.........[....###
#.##≈≈≈≈≈≈≈###.#
#.#≈≈≈≈≈≈≈≈≈≈#.#
###.#≈≈≈≈≈≈≈≈≈≈#.#
....#≈≈≈≈...≈≈≈#.#


You could see a jackal, a bat and 2 kobolds.

Vanquished Creatures
  2 endoplasms (D:1)
  A goblin (D:1)
  2 hobgoblins (D:1)
  2 jackals (D:1)
  A quokka (D:1)
  A ball python (D:1)
  A frilled lizard (D:1)
  A kobold (D:1)
  4 rats (D:1)
15 creatures vanquished.

Notes
Turn   | Place    | Note
-------+----------+-------------------------------------------
     0 | D:1      | leviel the Hill Orc Fighter began the quest for the Orb.
     0 | D:1      | Reached XP level 1. HP: 19/19 MP: 1/1
    82 | D:1      | Reached XP level 2. HP: 21/27 MP: 2/2
   269 | D:1      | Found a blossoming altar of Fedhas.
   307 | D:1      | Reached skill level 1 in Short Blades
   322 | D:1      | HP: 1/27 [jackal (3)]
   327 | D:1      | Slain by a jackal

Illustrated notes

Levels and vault maps discovered:
D:1:      dpeg_arrival_pond, layout_loops_ring, minmay_misc_feat_doors,
          minmay_hexomino_r4

Skill      XL: |  1  2 |
---------------+-------+-----
Axes           | 3 |  3.1
Short Blades   | 1 |  1.0
Fighting       | |  3.8
Armour         | |  3.4
Shields        | |  3.4

Action                   || total
-------------------------++-------
Melee: War axe           ||    18
       Dagger            ||    46
Armor: Scale mail        ||    22
Dodge: Dodged            ||    37
Block: Buckler           ||    15

Table legend: (Time is in decaauts)
 A = Elapsed time spent in this place.
 B = Non-inter-level travel time spent in this place.
 C = Inter-level travel time spent in this place.
 D = Time resting spent in this place.
 E = Time spent auto-exploring this place.
 F = Levels seen in this place.
 G = Mean time per level.
                   A        B        C        D        E       F      G
               +--------+--------+--------+--------+--------+-----+--------+
         Total |    318 |    295 |     23 |      0 |    183 |   1 |  318.0 |
       Dungeon |    318 |    295 |     23 |      0 |    183 |   1 |  318.0 |
               +--------+--------+--------+--------+--------+-----+--------+

Top non-repeatable levels by time:
     D:1: 318 daAuts
